 Dungeon Crawl Stone Soup version 0.32-a0-593-g85ff8e36a1 (webtiles) character file.

Game seed: 17816574418638504631

2287 BeKind the Covered (level 9, -5/48 HPs)
             Began as a Vine Stalker Berserker on Mar 2, 2024.
             Was an Elder of Trog.
             Slain by a two-headed ogre
             ... wielding a +0 giant spiked club
              (17 damage)
             ... on level 9 of the Dungeon.
             The game lasted 00:07:43 (6059 turns).

BeKind the Covered (Vine Stalker Berserker)         Turns: 6059, Time: 00:07:43

Health: -5/48      AC: 13    Str: 25    XL:     9   Next: 39%
Magic:  0/10       EV:  8    Int: 11    God:    Trog [****..]
Gold:   454        SH:  0    Dex: 13    Spells: 8/8 levels left

rFire   + + .        a - +0 spear
rCold   . . .        (no shield)
rNeg    . . .        u - +0 plate armour
rPois   .            s - +0 helmet
rElec   .            (no cloak)
rCorr   .            m - +2 pair of gloves
SInv    .            (no boots)
Will    ++...        (no amulet) Stlth
                     f - ring of protection from fire
HPRegen 1.08/turn    p - ring of Wu Jian's Fury {*Corrode Fly rF+ Will+ Int+4}
MPRegen 0.12/turn

%: corrode self (3%), guardian spirit
@: corroded, on berserk cooldown, flying, slowed, very slow
A: fangs 3, regeneration 1, magic shield, antimagic bite, no potion heal 2
a: Renounce Religion, Berserk, Trog's Hand, Brothers in Arms


You were on level 9 of the Dungeon.
You worshipped Trog.
Trog was greatly pleased with you.
You visited 1 branch of the dungeon, and saw 9 of its levels.
You also visited: Sewer.

You collected 454 gold pieces.

Inventory:

Hand Weapons
 a - a +0 spear (weapon)
Missiles
 r - 3 silver javelins (quivered)
Armour
 m - a +2 pair of gloves (worn)
 s - a +0 helmet (worn)
 u - a +0 plate armour (worn)
 H - +0 steam dragon scales
Jewellery
 f - a ring of protection from fire (left hand)
 k - a ring of protection from fire
 o - a ring of willpower
 p - the ring of Wu Jian's Fury (right hand) {*Corrode Fly rF+ Will+ Int+4}
   (You found it on level 3 of the Dungeon)

   [ring of flight]

   Int+4:     It affects your intelligence (+4).
   rF+:       It protects you from fire.
   Will+:     It increases your willpower.
   Fly:       It grants you flight.
   *Corrode:  It may corrode you when you take damage.
Wands
 b - a wand of paralysis (11)
 n - a wand of digging (9)
 D - a wand of polymorph (7)
 E - a wand of mindburst (19)
Scrolls
 h - 3 scrolls of poison
 q - 4 scrolls of teleportation
 v - a scroll of identify
 x - 2 scrolls of fog
 y - 2 scrolls of amnesia
 A - a scroll of acquirement
 F - a scroll of fear
 I - a scroll of vulnerability {unknown}
Potions
 c - a potion of ambrosia {unknown}
 d - a potion of heal wounds {unknown}
 e - 2 potions of haste {unknown}
 g - 2 potions of invisibility {unknown}
 i - 4 potions of enlightenment {unknown}
 j - 3 potions of cancellation {unknown}
 l - a potion of degeneration {unknown}
 t - 3 potions of brilliance {unknown}
 w - 5 potions of might {unknown}
 z - a potion of resistance {unknown}
 B - a potion of lignification {unknown}
 C - a potion of magic {unknown}
 G - a potion of curing {unknown}


   Skills:
 + Level 6.2 Fighting
 + Level 6.2 Polearms
 * Level 7.2 Armour
 - Level 2.2 Dodging


You had 8 spell levels left.
You didn't know any spells.
Your spell library was empty.

Dungeon Overview and Level Annotations

Branches:
Dungeon (9/15)             Temple (0/1) D:5             Orc (0/2) D:9
  Sewer (visited)
   Lair: D:8-11

Altars:

Annotations:
D:8 Amaemon


Innate Abilities, Weirdness & Mutations

You have razor-sharp teeth.
Your natural rate of healing is unusually fast.
When hurt, damage is shared between your health and your magic reserves.
Your bite disrupts and absorbs the magic of your enemies.
Potions cannot restore your health.


Message History

a +0 halberd; a +0 chain mail You closely miss something.
Your bite misses something. You closely miss something.
Something hits you but does no damage.
You hit something but do no damage. You puncture something!
You feel the power of Trog in you as your rage grows.
Trog accepts your kill.
Trog appreciates your killing of a magic user.
Reactivating autopickup.
You feel a bit more experienced.
An orc comes into view. It is wielding a +0 flail.
Things that are here:
a +0 dagger; a +0 robe You feel a strong urge to attack something.
You are no longer berserk.
You are exhausted.
You feel yourself slow down. The orc closely misses you.
An orc wizard comes into view. It is wielding a +0 dagger.
Found a staircase to the Orcish Mines.
The orc wizard shouts!
You hear two shouts!
You hear a shout!
An orc warrior comes into view. It is wielding a +0 glaive.
The orc wizard moves out of view.
A two-headed ogre comes into view.
It is wielding a +0 giant spiked club and a +0 giant club.
The orc warrior shouts!
The two-headed ogre shouts in stereo!
The orc hits you with a +0 flail.
An orc comes into view. It is wielding a +0 short sword.
An orc comes into view. It is wielding a +0 dagger.
The orc hits you with a +0 flail.
Your corrosive artefact corrodes you!
The orc warrior hits you from afar with a +0 glaive.
The orc shouts!
You hit the orc wizard but do no damage.
The orc hits you but does no damage.
The orc throws a boomerang.
The boomerang hits you.
The orc warrior hits you from afar with a +0 glaive!
The two-headed ogre hits you with a +0 giant spiked club!!
Ouch! That really hurt!
* * * LOW HITPOINT WARNING * * *
The two-headed ogre hits you with a +0 giant club!!
You die...

.........# .........#
.........# #.....o
.o.......# #......
.........#.......#......
.....o...#.......#......
.......o.#.......#....o.
.....oO@.#.......#.....
#...##.o.#.......#!..#
#...##...#.......#...#
#........+.......#...###
#........#######........
###+###.........§.#.....
#.....#..........#§§§#..
#.....#)########.#...§..
#.....#)# #..#..#..


You could see a two-headed ogre, an orc warrior, an orc wizard and 3 orcs.

Vanquished Creatures
  A polar bear (D:9)
  A steam dragon (D:7)
  Duvessa (D:6)
  A water moccasin (D:6)
  3 ice beasts
  An orc warrior (D:9)
  A sky beast (D:7)
  2 black bears (D:5)
  A centaur (D:7)
  A bullfrog (D:7)
  A scorpion (D:6)
  Dowan (D:6)
  A howler monkey (D:4)
  5 bombardier beetles
  5 jellies
  4 hounds
  4 orc wizards
  2 iguanas (D:4)
  A gnoll (D:1)
  10 adders
  A river rat (Sewer)
  A white imp (D:9)
  2 dart slugs
  4 ribbon worms
  17 orcs
  12 ball pythons
  12 endoplasms
  2 giant cockroaches
  3 goblins
  5 hobgoblins
  3 quokkas
  5 bats
  8 frilled lizards
  7 kobolds
  7 rats
136 creatures vanquished.

Notes
Turn   | Place    | Note
-------+----------+-------------------------------------------
     0 | D:1      | BeKind the Vine Stalker Berserker began the quest for the
                  | Orb.
     0 | D:1      | Reached XP level 1. HP: 11/11 MP: 2/2
   119 | D:1      | Reached XP level 2. HP: 12/16 MP: 1/3
   944 | D:2      | Found a faded altar of an unknown god.
  1154 | D:2      | Reached XP level 3. HP: 19/19 MP: 4/4
  1163 | D:2      | Reached skill level 2 in Armour
  1608 | D:2      | Reached ** piety under Trog
  1845 | D:3      | Identified the ring of Wu Jian's Fury {*Corrode Fly rF+
                  | Will+ Int+4}
  1870 | D:3      | Reached XP level 4. HP: 24/24 MP: 5/5
  2458 | D:4      | Reached XP level 5. HP: 3/28 MP: 1/6
  2791 | D:4      | Reached skill level 3 in Armour
  2878 | D:4      | Reached XP level 6. HP: 33/33 MP: 7/7
  3106 | D:5      | Entered Level 5 of the Dungeon
  3106 | D:5      | Noticed a black bear
  3122 | D:5      | Killed a black bear
  3192 | D:5      | Noticed a black bear
  3201 | D:5      | Killed a black bear
  3202 | D:5      | Reached skill level 4 in Armour
  3202 | D:5      | Reached XP level 7. HP: 36/37 MP: 8/8
  3351 | D:5      | Found a staircase to the Ecumenical Temple.
  3387 | D:5      | Reached *** piety under Trog
  3835 | D:6      | Reached skill level 5 in Armour
  3851 | D:6      | Gained mutation: You have razor-sharp teeth. [Vine Stalker
                  | growth]
  3851 | D:6      | Reached XP level 8. HP: 31/42 MP: 9/9
  3880 | D:6      | Reached skill level 5 in Fighting
  3880 | D:6      | Reached skill level 5 in Polearms
  4328 | D:6      | Found a glowing drain.
  4356 | Sewer    | Entered a sewer
  4556 | Sewer    | Found a viscous altar of Jiyva.
  4567 | Sewer    | Reached **** piety under Trog
  4851 | D:6      | Noticed Duvessa
  4856 | D:6      | Noticed Dowan
  4875 | D:6      | Killed Duvessa
  4876 | D:6      | Reached skill level 6 in Armour
  4885 | D:6      | Killed Dowan
  5221 | D:7      | Reached XP level 9. HP: 44/48 MP: 10/10
  5792 | D:7      | Identified a scroll of acquirement
  5885 | D:8      | Noticed Amaemon
  5885 | D:8      | Noticed an orange demon
  5922 | D:9      | Noticed a polar bear
  5945 | D:9      | HP: 2/72 [polar bear (2)]
  5947 | D:9      | Killed a polar bear
  5948 | D:9      | Reached skill level 7 in Armour
  6055 | D:9      | Found a staircase to the Orcish Mines.
  6056 | D:9      | Noticed a two-headed ogre
  6059 | D:9      | Slain by a two-headed ogre

Illustrated notes

Levels and vault maps discovered:
D:1:      dpeg_arrival_castle, layout_loops_ring, nicolae_grassy_gnolls
D:2:      layout_basic, shapermc_ecumenical_altar_gd
D:3:      layout_basic
D:4:      layout_rooms, patterned_corridor
D:5:      layout_rooms, minmay_temple_entry_glassed_door
D:6:      layout_basic, cheibrodos_sewer_entry_bend, kennysheep_generic_room_9,
          uniq_duvessa
D:7:      layout_loops_ring
D:8:      kennysheep_ambush_hall, layout_basic, gammafunk_ghost_hive,
          uniq_pikel, uniq_amaemon
D:9:      kennysheep_steamy, layout_stronghold, david_orc_3, serial_ice,
          serial_ice_b, serial_ice_c, serial_ice_k, serial_ice_o, serial_ice_e,
          serial_ice_g

Skill      XL: |  1  2  3  4  5  6  7  8  9 |
---------------+----------------------------+-----
Polearms       | 3 4 5 6 |  6.2
Fighting       | 3 4 5 6 |  6.2
Dodging        | 2 |  2.2
Armour         | 2 3 4 5 6 7 |  7.2

Action                     |  1- 3 |  4- 6 |  7- 9 || total
---------------------------+-------+-------+-------++-------
  Melee: Spear             |    84 |   139 |   380 ||   603
         Bite              |     8 |    41 |   120 ||   169
 Invoke: Berserk           |       |       |     2 ||     2
    Use: Scroll            |       |       |     6 ||     6
   Stab: Sleeping          |     4 |       |       ||     4
 Armour: Animal skin       |     6 |       |       ||     6
         Ring mail         |    29 |     5 |       ||    34
         Plate armour      |       |    91 |   377 ||   468
  Dodge: Dodged            |    28 |    56 |   115 ||   199

Table legend: (Time is in decaauts)
 A = Elapsed time spent in this place.
 B = Non-inter-level travel time spent in this place.
 C = Inter-level travel time spent in this place.
 D = Time resting spent in this place.
 E = Time spent auto-exploring this place.
 F = Levels seen in this place.
 G = Mean time per level.
                   A        B        C        D        E       F      G
               +--------+--------+--------+--------+--------+-----+--------+
         Total |   5992 |   5472 |    520 |     72 |   4304 |  10 |  599.2 |
       Dungeon |   5737 |   5217 |    520 |     72 |   4156 |   9 |  637.4 |
         Sewer |    254 |    254 |      0 |      0 |    148 |   1 |  254.0 |
               +--------+--------+--------+--------+--------+-----+--------+

Top non-repeatable levels by time:
     D:6: 1095 daAuts
     D:2: 1086 daAuts
     D:7: 767 daAuts
     D:1: 751 daAuts
     D:4: 677 daAuts
     D:3: 576 daAuts
     D:5: 568 daAuts
   Sewer: 254 daAuts
     D:9: 170 daAuts
     D:8: 43 daAuts
